 Dungeon Crawl Stone Soup version 0.20.1-1-g8b1a95d (webtiles) character file.

2816 letownia2 the Thaumaturge (level 9, -3/73 HPs)
             Began as a Deep Dwarf Necromancer on Dec 17, 2017.
             Was an Initiate of Gozag.
             Slain by a white ugly thing (14 damage)
             ... on level 8 of the Dungeon.
             The game lasted 00:22:34 (6472 turns).

letownia2 the Thaumaturge (Deep Dwarf Necromancer)  Turns: 6472, Time: 00:22:35

Health: -3/73      AC:  7    Str: 13    XL:     9   Next: 44%
Magic:  33/39      EV: 11    Int: 18    God:    Gozag
Gold:   631        SH:  0    Dex: 13    Spells: 18/25 levels left

rFire    . . .     SeeInvis .   a - +1 trident (venom)
rCold    . . .     Gourm    .   (no shield)
rNeg     . . .     Faith    .   r - +0 ring mail
rPois    .         Spirit   .   (no helmet)
rElec    .         Reflect  .   y - +1 cloak
rCorr    .         Harm     .   (no gloves)
MR       +....                  (no boots)
Stlth    +.........             (no amulet)
Regen    0.0/turn               e - ring of magical power
MPRegen  0.3/turn               v - ring of magical power

@: non-regenerating
A: damage resistance, heal wounds, sense surroundings 2, no regeneration
a: Heal Wounds, Potion Petition, Call Merchant, Bribe Branch, Renounce Religion


You were on level 8 of the Dungeon.
You worshipped Gozag.
Gozag was pleased with you.
You were not hungry.

You visited 2 branches of the dungeon, and saw 9 of its levels.
You also visited: Sewer.

You collected 1412 gold pieces.
You paid 781 gold pieces to Gozag.

Inventory:

Hand Weapons
 a - a +1 trident of venom (weapon)
 b - a +2 flail of holy wrath
 s - a +0 flail
 M - a +0 halberd of freezing
 Q - a +3 rapier of speed
 R - a +0 blowgun
Missiles
 u - 105 arrows
 D - 37 bolts
 S - 13 poisoned needles
Armour
 r - a +0 ring mail (worn)
 y - a +1 cloak (worn)
Jewellery
 e - a ring of magical power (left hand)
 o - an uncursed ring of poison resistance
 v - a ring of magical power (right hand)
 C - an uncursed ring of resist corrosion
 K - an uncursed ring of fire
Wands
 z - a wand of flame (0/48)
 N - a wand of digging (9/24)
Scrolls
 g - 2 scrolls of enchant armour
 h - 3 scrolls of recharging {unknown}
 i - 4 scrolls of identify
 j - 3 scrolls of remove curse
 k - a scroll of random uselessness {unknown}
 n - a scroll of noise {unknown}
 w - 6 scrolls of teleportation
 E - 3 scrolls of fog
 G - a scroll of enchant weapon {unknown}
 I - a scroll of amnesia {unknown}
 J - a scroll of blinking {unknown}
 P - 2 scrolls of magic mapping {unknown}
Potions
 d - a potion of degeneration {unknown}
 f - a potion of berserk rage {unknown}
 l - 3 potions of magic {unknown}
 m - 2 potions of brilliance {unknown}
 p - a potion of flight {unknown}
 q - 2 potions of invisibility {unknown}
 x - 5 potions of curing {unknown}
 A - 4 potions of heal wounds {unknown}
 B - a potion of ambrosia {unknown}
 F - 2 potions of mutation
 H - 2 potions of agility {unknown}
 L - a potion of cancellation {unknown}
 O - 3 potions of might {unknown}
Comestibles
 c - 7 bread rations
 t - a meat ration


   Skills:
 + Level 2.2 Fighting
 - Level 3.4 Armour
 - Level 2.1 Dodging
 - Level 2.4 Stealth
 - Level 8.7 Spellcasting
 + Level 8.1 Necromancy
 - Level 2.2 Air Magic


You had 18 spell levels left.
You knew the following spells:

 Your Spells              Type           Power        Failure   Level  Hunger
a - Pain                  Necr           ####         1%          1    None
d - Shock                 Conj/Air       ##..         12%         1    None
s - Swiftness             Chrm/Air       ##......     19%         2    None
v - Vampiric Draining     Necr           #####.....   1%          3    None


Dungeon Overview and Level Annotations

Branches:
Dungeon (8/15)             Temple (1/1) D:4
   Lair: D:8-11

Altars:
Ashenzari
Cheibriados
Dithmenos
Elyvilon
Fedhas
Gozag
Kikubaaqudgha
Makhleb
Nemelex Xobeh
Okawaru
Qazlal
Ru
Sif Muna
Trog
Uskayaw
Vehumet
Xom
Yredelemnul
Zin
The Shining One

Shops:
D:5 ((

Annotations:
D:1 FLY
D:3 2 transporters, Grinder
D:5 1 runed door
D:6 Dowan, Pikel


Innate Abilities, Weirdness & Mutations

You are resistant to damage.
You can heal yourself by infusing magical energy.
You passively map the area around you.
You do not regenerate.


Message History

Press: ? - help, Shift-Dir - straight line, f/p - white ugly thing
Aim: a white ugly thing (moderately wounded, poisoned)
The white ugly thing is moderately wounded.
You feel life coursing into your body. The white ugly thing claws you!
The white ugly thing freezes you!!
* * * LOW HITPOINT WARNING * * *
Unknown command.
Unknown command.
Unknown command.
Casting: Vampiric Draining
Confirm with . or Enter, or press ? or * to list all spells.
Aiming: Vampiric Draining
Press: ? - help, Shift-Dir - straight line, f/p - white ugly thing
Aim: a white ugly thing (moderately wounded, poisoned)
The white ugly thing is heavily wounded.
You feel life coursing into your body. The white ugly thing claws you.
* * * LOW HITPOINT WARNING * * *
The white ugly thing freezes you!
You die...
Your body crumbles into a pile of gold.

########### ### #.........# ..#
####.........# ..#
#............#
..###.###.######## #########
....#.# #<..# #.......# ###.#.#
#.### #.#####.#
.##...###.###########.#####.###
...............u@..........>..#
..####..........#####.........#
..# #..........# #########.#
..# #..........# #.# #.#
#..........# #.# #.#
#.################## #.# #.#
#.# #.............#####.# ..##
#.# #.............##....# ...#
#.# #......(......##.####


You could see a white ugly thing.

Vanquished Creatures
  A troll (D:7)
  A hippogriff (D:7)
  Eustachio (D:6)
  A spriggan (D:7)
  Edmund (D:6)
  An ice beast (D:6)
  2 ogres
  3 centaurs
  A bullfrog (D:7)
  A big kobold (D:8)
  A gnoll sergeant (D:7)
  A water moccasin zombie (D:6)
  3 wights (D:6)
  4 howler monkeys
  A crimson imp (D:5)
  3 hounds
  2 jellies
  2 orc priests
  3 iguanas
  5 orc wizards
  6 worker ants
  4 hound skeletons
  5 gnolls
  A howler monkey skeleton (D:8)
  14 adders
  4 river rats (Sewer)
  A shadow imp (D:5)
  3 oozes
  An adder skeleton (D:6)
  3 dart slugs
  2 leopard geckos
  24 orcs
  10 ball pythons
  7 bats
  6 giant cockroaches
  5 goblins
  2 hobgoblins (D:3)
  3 quokkas
  9 frilled lizards
  8 kobolds
  A leopard gecko skeleton (D:4)
  A quokka skeleton (D:5)
  10 rats
168 creatures vanquished.

Notes
Turn   | Place    | Note
-------+----------+-------------------------------------------
     0 | D:1      | letownia2 the Deep Dwarf Necromancer began the quest for the Orb.
     0 | D:1      | Reached XP level 1. HP: 15/15 MP: 3/3
   164 | D:3      | Reached XP level 2. HP: 17/22 MP: 4/5
   457 | D:3      | Found a glowing silver altar of Zin.
   482 | D:3      | Reached skill level 5 in Necromancy
   559 | D:3      | Noticed an ogre
   658 | D:4      | Learned a level 2 spell: Swiftness
   711 | D:4      | Reached XP level 3. HP: 5/28 MP: 5/6
   721 | D:4      | Learned a level 3 spell: Vampiric Draining
   835 | D:4      | Reached XP level 4. HP: 7/36 MP: 6/7
   945 | D:4      | Found a staircase to the Ecumenical Temple.
   955 | Temple   | Entered the Ecumenical Temple
  1016 | Temple   | Became a worshipper of Gozag Ym Sagoz the Greedy
  1080 | D:4      | Reached XP level 5. HP: 22/42 MP: 9/9
  1252 | D:4      | Found a hide-covered altar of Uskayaw.
  1496 | D:4      | Noticed a centaur
  1505 | D:4      | Killed a centaur
  1505 | D:4      | Reached XP level 6. HP: 14/49 MP: 4/11
  1962 | D:3      | Noticed Grinder
  1966 | D:3      | Paralysed by Grinder for 7 turns
  1976 | D:3      | Paralysed by Grinder for 6 turns
  2093 | D:3      | Found a transporter.
  2117 | D:3      | Found a transporter.
  2443 | D:2      | Found a faded altar of an unknown god.
  2504 | D:2      | Found a radiant altar of Vehumet.
  2508 | D:2      | Found a glowing golden altar of the Shining One.
  2512 | D:2      | Found a shimmering altar of Xom.
  2514 | D:2      | Found a deep blue altar of Sif Muna.
  2514 | D:2      | Found a basalt altar of Yredelemnul.
  2514 | D:2      | Found a stormy altar of Qazlal.
  2555 | D:2      | Found a glowing golden altar of the Shining One.
  2557 | D:2      | Found an opulent altar of Gozag.
  2557 | D:2      | Found a sacrificial altar of Ru.
  2562 | D:2      | Found a white marble altar of Elyvilon.
  2562 | D:2      | Found a shimmering altar of Xom.
  2562 | D:2      | Found a snail-covered altar of Cheibriados.
  2630 | D:2      | Found a shattered altar of Ashenzari.
  3332 | D:5      | Entered Level 5 of the Dungeon
  3445 | D:5      | Reached skill level 1 in Fighting
  3462 | D:5      | Reached XP level 7. HP: 32/57 MP: 13/13
  3566 | D:5      | Found a shadowy altar of Dithmenos.
  3646 | D:5      | Found Faxkefu's Weapon Shop.
  3713 | D:5      | Found a runed door.
  3857 | D:5      | Learned a level 1 spell: Shock
  4446 | D:6      | Noticed Eustachio
  4479 | D:6      | Killed Eustachio
  4479 | D:6      | Reached skill level 1 in Air Magic
  4521 | D:6      | Found a glowing drain.
  4604 | Sewer    | Entered a sewer
  4652 | Sewer    | Reached skill level 5 in Spellcasting
  4934 | D:6      | Reached XP level 8. HP: 54/64 MP: 16/16
  4962 | D:6      | Noticed Dowan
  4964 | D:6      | Noticed Pikel
  5193 | D:6      | Noticed Edmund
  5217 | D:6      | Killed Edmund
  5468 | D:7      | Noticed a hippogriff
  5482 | D:7      | Killed a hippogriff
  5509 | D:7      | Gained mutation: You passively map the area around you. [Deep Dwarf growth]
  5509 | D:7      | Reached XP level 9. HP: 53/70 MP: 21/21
  5656 | D:7      | Found a sacrificial altar of Ru.
  5743 | D:7      | Reached skill level 1 in Armour
  6067 | D:7      | Noticed a troll
  6077 | D:7      | Killed a troll
  6098 | D:8      | Noticed a two-headed ogre
  6462 | D:8      | Noticed a white ugly thing
  6472 | D:8      | Slain by a white ugly thing

Skill      XL: |  1  2  3  4  5  6  7  8  9 |
---------------+----------------------------+-----
Spellcasting   | 2 3 4 5 8 |  8.7
Necromancy     | 5 6 7 8 |  8.1
Fighting       | 1 2 |  2.2
Air Magic      | 2 |  2.2
Armour         | 3 |  3.4
Dodging        | |  2.1
Stealth        | |  2.4

Action                   |  1- 3 |  4- 6 |  7- 9 || total
-------------------------+-------+-------+-------++-------
Melee: Dagger            |       |     6 |       ||     6
       Flail             |       |       |    59 ||    59
       Rapier            |       |       |   109 ||   109
       Trident           |       |       |    37 ||    37
 Cast: Pain              |    45 |    98 |    80 ||   223
       Vampiric Draining |     2 |    16 |    70 ||    88
       Shock             |       |       |    11 ||    11
Invok: Call Merchant     |       |       |     1 ||     1
Evoke: Wand              |       |       |     3 ||     3
  Use: Scroll            |       |       |     5 ||     5
 Stab: Sleeping          |       |       |     1 ||     1
       Distracted        |       |       |     1 ||     1
  Eat: Chunk             |       |     2 |       ||     2
       Bread ration      |       |     1 |     1 ||     2
       Meat ration       |       |     1 |     1 ||     2
       Royal jelly       |       |     1 |       ||     1
Armor: Robe              |     5 |       |       ||     5
       Ring mail         |     4 |     8 |   117 ||   129
Dodge: Dodged            |    28 |    22 |   215 ||   265
